 Dungeon Crawl Stone Soup version 0.22-a0-609-gfedc9ff (webtiles) character file.

32 Mamutox the Shield-Bearer (level 3, -5/36 HPs)
             Began as a Troll Fighter on July 10, 2018.
             Slain by Crazy Yiuf
             ... wielding a +3 quarterstaff of chaos
              (6 damage)
             ... on level 2 of the Dungeon.
             The game lasted 00:02:01 (1292 turns).

Mamutox the Shield-Bearer (Troll Fighter)           Turns: 1292, Time: 00:02:03

Health: -5/36      AC:  5    Str: 24    XL:     3   Next: 8%
Magic:  2/2        EV:  8    Int:  4    God:
Gold:   89         SH:  9    Dex: 10    Spells: 2/2 levels left

rFire    . . .     SeeInvis .   a - +0 flail
rCold    . . .     Gourm    +   c - +0 shield
rNeg     . . .     Faith    .   b - +0 robe
rPois    .         Spirit   .   (helmet restricted)
rElec    .         Reflect  .   (no cloak)
rCorr    .         Harm     .   (gloves unavailable)
MR       .....                  (boots unavailable)
Stlth    +.........             (no amulet)
HPRegen  0.52/turn              (no ring)
MPRegen  0.08/turn              (no ring)

@: lethally poisoned (-5 -> -5), very slightly contaminated, invisible
(expiring)
A: large, unfitting armour, claws 3, fast metabolism 3, gourmand, regeneration
1, shaggy fur 1, tough skin 2
a: no special abilities


You were on level 2 of the Dungeon.
You were near starving.

You visited 1 branch of the dungeon, and saw 2 of its levels.

You collected 89 gold pieces.

Inventory:

Hand Weapons
 a - a +0 flail (weapon)
Armour
 b - a +0 robe (worn)
 c - a +0 shield (worn)
Jewellery
 i - an uncursed ring of magical power {unknown}
Scrolls
 g - 2 scrolls of remove curse {unknown}
 j - a scroll of identify {unknown}
 k - a scroll of immolation {unknown}
Potions
 d - a potion of might
 e - a potion of berserk rage {unknown}
 h - a potion of brilliance {unknown}
 l - a potion of haste {unknown}
 m - a potion of curing {unknown}
Comestibles
 f - 4 rations


   Skills:
 - Level 2.4 Fighting
 + Level 2.5 Maces & Flails
 - Level 2.4 Dodging
 + Level 3.0 Shields


You had 2 spell levels left.
You didn't know any spells.
Your spell library was empty.

Dungeon Overview and Level Annotations

Branches:
Dungeon (2/15)

Altars:

Annotations:
D:2 Crazy Yiuf


Innate Abilities, Weirdness & Mutations

You are too large for most types of armour.
You have claws for hands.
Your metabolism is lightning-fast.
You like to eat raw meat.
Your natural rate of healing is unusually fast.
You are covered in fur. (AC +1)
You have very tough skin. (AC +2)


Message History

You feel sick. You block Crazy Yiuf's attack.
Your shield prevents you from hitting Crazy Yiuf.
Crazy Yiuf is severely wounded.
Crazy Yiuf barely misses you.
You catch the helpless Crazy Yiuf completely off-guard!
You hit Crazy Yiuf but do no damage.
Crazy Yiuf is severely wounded.
You feel sick. Crazy Yiuf barely misses you.
You closely miss Crazy Yiuf.
Crazy Yiuf is severely wounded.
Crazy Yiuf misses you.
Crazy Yiuf hits you with a quarterstaff of chaos!
* * * LOW HITPOINT WARNING * * *
You closely miss Crazy Yiuf.
Crazy Yiuf is severely wounded.
You flicker for a moment.
* * * LOW HITPOINT WARNING * * *
You feel sick.
Crazy Yiuf hits you with a quarterstaff of chaos.
You die...

#.#### #.# # #.# #
#.#### #....# ###...#
#### ♣♣###......
#)..#♣♣ ♣♣..........
#..g@.♣♣♣♣...........
#...#♣..♣......##....
#### ♣♣♣.♣^...###...#
♣♣♣♣♣#########
....... .######


You could see Crazy Yiuf.

Vanquished Creatures
  An adder (D:2)
  A leopard gecko (D:2)
  A giant cockroach (D:2)
  2 goblins
  3 hobgoblins
  4 jackals (D:1)
  2 kobolds (D:1)
  A quokka (D:2)
  2 frilled lizards (D:1)
  3 rats (D:1)
20 creatures vanquished.

Notes
Turn   | Place    | Note
-------+----------+-------------------------------------------
     0 | D:1      | Mamutox the Troll Fighter began the quest for the Orb.
     0 | D:1      | Reached XP level 1. HP: 22/22 MP: 0/0
   356 | D:1      | Reached XP level 2. HP: 28/29 MP: 1/1
  1196 | D:2      | Reached skill level 3 in Shields
  1196 | D:2      | Reached XP level 3. HP: 36/36 MP: 2/2
  1229 | D:2      | Found a runed door.
  1281 | D:2      | Noticed Crazy Yiuf
  1291 | D:2      | HP: 1/36 [Crazy Yiuf/quarterstaff of chaos (10)]
  1292 | D:2      | Slain by Crazy Yiuf

Vault maps used:
D:1:      kilobyte_arrival_exit_the_forest, minmay_door_square
D:2:      uniq_crazy_yiuf_cottage

Skill      XL: |  1  2 |
---------------+-------+-----
Maces & Flails | 2 |  2.5
Shields        | 3 |  3.0
Fighting       | |  2.4
Dodging        | |  2.4

Action                   || total
-------------------------++-------
Melee: Flail             ||    88
 Stab: Invisible         ||     2
  Eat: Chunk             ||     4
       Ration            ||     1
Armor: Robe              ||    28
Dodge: Dodged            ||    30
Block: Shield            ||    41

Table legend:
 A = Spawn XP
 B = Non-spawn XP
 C = Spawn XP percentage of total XP
 D = Spawn monster count
 E = Non-spawn monster count
 F = Spawn count percentage of total count
 G = Total turns spent on level
                    A         B        C        D         E        F      G
               +---------+---------+-------+---------+---------+-------+---------
         Total |       0 |      46 |   0.0 |       0 |      20 |   0.0 |  1292
               +---------+---------+-------+---------+---------+-------+---------
           D:1 |       0 |      22 |   0.0 |       0 |      14 |   0.0 |   980
           D:2 |       0 |      24 |   0.0 |       0 |       6 |   0.0 |   312
               +---------+---------+-------+---------+---------+-------+---------
